 Dungeon Crawl Stone Soup version 0.30.1 (webtiles) character file.

Game seed: 12718127334509753913

1997 Pepete the Protected (level 9, -1/121 HPs)
             Began as a Minotaur Berserker on July 12, 2023.
             Was a Priest of Trog.
             Slain by an unseen horror (5 damage)
             ... on level 7 of the Dungeon.
             The game lasted 00:06:17 (5184 turns).

Pepete the Protected (Minotaur Berserker)           Turns: 5184, Time: 00:06:17

Health: -1/121     AC: 12    Str: 31    XL:     9   Next: 2%
Magic:  8/8        EV: 11    Int:  4    God:    Trog [***...]
Gold:   250        SH:  0    Dex: 11    Spells: 8/8 levels left

rFire   . . .        p - +0 war axe
rCold   . . .        (no shield)
rNeg    . . .        v - +0 scale mail
rPois   .            (helmet restricted)
rElec   .            b - +0 cloak
rCorr   .            n - +1 pair of gloves
SInv    .            (no boots)
Will    +....        (no amulet) Stlth
                     h - +6 ring of strength
HPRegen 0.40/turn    x - ring of willpower
MPRegen 0.11/turn

%: no passive effects
@: berserking (expiring), very quick
A: horns 2, retaliatory headbutt
a: Renounce Religion, Berserk, Trog's Hand


You were on level 7 of the Dungeon.
You worshipped Trog.
Trog was most pleased with you.
You visited 1 branch of the dungeon, and saw 7 of its levels.

You collected 250 gold pieces.

Inventory:

Hand Weapons
 a - a +0 hand axe
 p - a +0 war axe (weapon)
Armour
 b - a +0 cloak (worn)
 n - a +1 pair of gloves (worn)
 v - a +0 scale mail (worn)
Jewellery
 h - a +6 ring of strength (left hand)
 x - a ring of willpower (right hand)
Wands
 c - a wand of flame (12)
 k - a wand of quicksilver (6)
Scrolls
 f - 2 scrolls of enchant armour
 i - 2 scrolls of immolation
 l - a scroll of teleportation
 t - a scroll of fog
 u - a scroll of noise
 w - a scroll of poison {unknown}
 y - a scroll of identify
 C - a scroll of torment {unknown}
Potions
 d - a potion of resistance
 e - a potion of haste
 g - a potion of magic
 j - a potion of brilliance
 m - 2 potions of heal wounds {unknown}
 o - a potion of might {unknown}
 q - a potion of berserk rage {unknown}
 r - a potion of lignification {unknown}
 s - a potion of attraction {unknown}
 z - a potion of invisibility {unknown}
 A - 2 potions of curing {unknown}
 B - a potion of flight {unknown}


   Skills:
 + Level 7.9 Fighting
 + Level 7.9 Axes
 * Level 10.3 Armour
 - Level 2.1 Dodging


You had 8 spell levels left.
You didn't know any spells.
Your spell library was empty.

Dungeon Overview and Level Annotations

Branches:
Dungeon (7/15)             Temple (0/1) D:5

Altars:
Dithmenos
Sif Muna
Vehumet
Wu Jian


Innate Abilities, Weirdness & Mutations

You have a pair of horns on your head.
You reflexively headbutt those who attack you in melee.


Message History

You hit the gargoyle but do no damage. You closely miss something.
Something hits you but does no damage. Something barely misses you.
The gargoyle hurls a stone arrow at you.
The stone arrow hits you.
* * * LOW HITPOINT WARNING * * *
You slash the gargoyle!
The gargoyle is moderately damaged.
You hit the steam dragon. The steam dragon barely misses you.
You furiously retaliate!
You headbutt the steam dragon!
You feel the power of Trog in you as your rage grows.
You kill the steam dragon!
Trog accepts your kill.
The gargoyle hurls a stone arrow at you.
The stone arrow misses you. Something hits you but does no damage.
You hit the gargoyle but do no damage. You headbutt the gargoyle!
The gargoyle is severely damaged.
You hit something.
Something hits you but does no damage. x2
The gargoyle hits you with a +0 morningstar of protection!
* * * LOW HITPOINT WARNING * * *
You hit the gargoyle but do no damage. You headbutt the gargoyle!
You destroy the gargoyle!
Trog accepts your kill.
You slash something! Something hits you but does no damage.
Your Armour skill increases to level 10!
You have reached level 9!
Your experience leads to an increase in your attributes!
Your base attributes are Str 23, Int 4, Dex 11.
Increase (S)trength, (I)ntelligence, or (D)exterity?
You feel stronger. x2
You start resting.
A water moccasin comes into view.
You start resting.
A water moccasin is nearby!
You start resting.
A water moccasin is nearby!
You start resting.
A water moccasin is nearby!
You feel a strong urge to attack something.
Something hits you.
You die...

.##...###. .....
.......#.##....#
..............>.
#.......[.....
.###..........#
..........>...#
.....>.<††...#
...............#
........†@.)..#
.......=..†..#
#.....#......##
##....##..........
##.^..............S
.#..................
....................
......##............
...........#.....#..


There were no monsters in sight!

Vanquished Creatures
  A gargoyle (D:7)
  Prince Ribbit (D:5)
  A steam dragon (D:7)
  An ice beast (D:5)
  A black bear (D:7)
  An orc warrior (D:7)
  A centaur (D:5)
  2 ogres (D:5)
  2 bullfrogs (D:7)
  3 howler monkeys (D:7)
  3 hounds
  5 orc priests
  2 jellies
  3 sleepcaps
  Jessica (D:2)
  An iguana (D:5)
  An orc wizard (D:4)
  4 gnolls (D:5)
  4 adders
  5 worms
  18 orcs
  3 bats
  4 endoplasms
  11 giant cockroaches
  3 goblins
  6 hobgoblins
  6 jackals
  9 kobolds
  3 quokkas
  7 ball pythons
  3 rats
116 creatures vanquished.

Notes
Turn   | Place    | Note
-------+----------+-------------------------------------------
     0 | D:1      | Pepete the Minotaur Berserker began the quest for the Orb.
     0 | D:1      | Reached XP level 1. HP: 19/19 MP: 0/0
   223 | D:1      | Reached skill level 3 in Armour
   223 | D:1      | Reached XP level 2. HP: 25/27 MP: 1/1
   343 | D:1      | You fall into a shaft and drop 1 floor!
   647 | D:2      | Reached XP level 3. HP: 33/33 MP: 2/2
   650 | D:2      | Reached ** piety under Trog
   790 | D:2      | Noticed Jessica
   794 | D:2      | Killed Jessica
   795 | D:2      | Reached skill level 4 in Armour
  1396 | D:3      | Reached XP level 4. HP: 41/41 MP: 3/3
  1581 | D:3      | Found a shimmering blue altar of Sif Muna.
  1875 | D:4      | Reached XP level 5. HP: 47/47 MP: 4/4
  1878 | D:4      | Reached *** piety under Trog
  1902 | D:4      | Reached skill level 5 in Armour
  2061 | D:4      | Reached skill level 5 in Fighting
  2061 | D:4      | Reached skill level 5 in Axes
  2418 | D:4      | Reached XP level 6. HP: 35/56 MP: 5/5
  2648 | D:4      | Reached skill level 6 in Armour
  2833 | D:4      | Found a shadowy altar of Dithmenos.
  2856 | D:4      | Found a radiant altar of Vehumet.
  3081 | D:5      | Entered Level 5 of the Dungeon
  3133 | D:5      | Found a staircase to the Ecumenical Temple.
  3239 | D:5      | Reached XP level 7. HP: 57/62 MP: 6/6
  3264 | D:5      | Found an ornate altar of the Wu Jian Council.
  3338 | D:5      | Reached skill level 7 in Armour
  3359 | D:5      | Noticed Prince Ribbit
  3368 | D:5      | Killed Prince Ribbit
  4072 | D:5      | Reached skill level 8 in Armour
  4168 | D:5      | Reached XP level 8. HP: 62/71 MP: 7/7
  4833 | D:6      | You fall into a shaft and drop 1 floor!
  4851 | D:7      | Reached skill level 9 in Armour
  5170 | D:7      | Noticed a gargoyle
  5181 | D:7      | HP: 3/109 [gargoyle/+0 morningstar of protection (11)]
  5182 | D:7      | Killed a gargoyle
  5183 | D:7      | Reached skill level 10 in Armour
  5183 | D:7      | Reached XP level 9. HP: 4/81 MP: 8/8
  5184 | D:7      | Slain by an unseen horror

Illustrated notes

Levels and vault maps discovered:
D:1:      saegor_arrival_miasma, layout_basic, serial_forest,
          infiniplex_forest_clump_double, infiniplex_forest_straight_5,
          infiniplex_forest_lined_4_way, infiniplex_forest_straight_2,
          serial_shops, shop_statue, dk_noncrumbling_2
D:2:      layout_rooms, serial_forest, infiniplex_forest_clump_tiny,
          infiniplex_forest_lined_2, infiniplex_forest_clump_diagonal,
          infiniplex_forest_end_2, infiniplex_forest_zigzag_1,
          infiniplex_forest_straight_2, infiniplex_forest_straight_1,
          uniq_jessica
D:3:      minmay_roachtagon, layout_basic, lemuel_crystal_altar
D:4:      layout_basic, mainiacjoe_overflow_alcove_4, vehumet_altar_wand_db
D:5:      layout_loops_corners, mainiacjoe_overflow_concentric_impassable,
          temple_statues, uniq_prince_ribbit1
D:6:      layout_layer_cave, elyvilon_altar_4
D:7:      minmay_blocky_corners, layout_cave_pools,
          mainiacjoe_overflow_six_doors_small, kennysheep_small_circle

Skill      XL: |  1  2  3  4  5  6  7  8 |
---------------+-------------------------+-----
Armour         | 3 4 5 6 8 10 | 10.3
Fighting       | 4 5 6 7 |  7.9
Axes           | 4 5 6 7 |  7.9
Dodging        | |  2.1

Action                     |  1- 3 |  4- 6 |  7- 9 || total
---------------------------+-------+-------+-------++-------
  Melee: Hand axe          |    73 |    10 |       ||    83
         Headbutt          |    17 |    16 |    20 ||    53
         War axe           |       |    87 |    75 ||   162
         Punch             |       |       |     2 ||     2
 Invoke: Berserk           |       |       |     3 ||     3
    Use: Scroll            |       |     9 |       ||     9
 Armour: Ring mail         |    28 |    16 |       ||    44
         Scale mail        |       |    24 |    32 ||    56
  Dodge: Dodged            |    25 |    55 |    51 ||   131
